 Dungeon Crawl Stone Soup version 0.20.1-1-g8b1a95d (webtiles) character file.

47 LORDOFBUTT the Chopper (level 3, -3/33 HPs)
             Began as a Hill Orc Monk on Dec 2, 2017.
             Slain by a worm (9 damage)
             ... on level 2 of the Dungeon.
             The game lasted 00:02:18 (1274 turns).

LORDOFBUTT the Chopper (Hill Orc Monk)              Turns: 1274, Time: 00:02:19

Health: -3/33      AC:  3    Str: 14    XL:     3   Next: 70%
Magic:  3/3        EV: 13    Int: 10    God:
Gold:   6          SH:  0    Dex: 13    Spells: 2/2 levels left

rFire    . . .     SeeInvis .   a - +0 hand axe
rCold    . . .     Gourm    .   (no shield)
rNeg     . . .     Faith    .   b - +1 robe
rPois    .         Spirit   .   (no helmet)
rElec    .         Reflect  .   (no cloak)
rCorr    .         Harm     .   (no gloves)
MR       +....                  (no boots)
Stlth    ++........             (no amulet)
Regen    0.2/turn               (no ring)
MPRegen  0.1/turn               (no ring)

@: flying, hasted, very quick
A: magic resistance 1, sense surroundings 1, no potion heal 1, sturdy frame 1
a: no special abilities


You were on level 2 of the Dungeon.
You were not hungry.

You visited 1 branch of the dungeon, and saw 2 of its levels.

You collected 6 gold pieces.

Inventory:

Hand Weapons
 a - a +0 hand axe (weapon)
Armour
 b - a +1 robe (worn)
Potions
 h - a potion of flight
Comestibles
 c - 2 bread rations
 j - 3 chunks of flesh


   Skills:
 * Level 4.3 Fighting
 * Level 4.7 Axes
 + Level 0.7 Armour
 * Level 2.8 Dodging
 - Level 1.5 Stealth


You had 2 spell levels left.
You didn't know any spells.

Dungeon Overview and Level Annotations

Branches:
Dungeon (2/15)

Altars:

Annotations:
D:2 Terence


Innate Abilities, Weirdness & Mutations

You are resistant to hostile enchantments. (MR+)
You passively map a small area around you.
Potions are less effective at restoring your health.
Your movements are slightly less encumbered by armour. (ER -2)


Message History

The worm completely misses you.
As you read the scroll labeled EMAPPOS SACKI, it crumbles to dust.
You hear the tinkle of a tiny bell.
It was a scroll of random uselessness.
Terence closely misses you.
It was a potion of haste.
You feel yourself speed up. The worm misses you. Terence completely misses you.
You hit Terence but do no damage.
Terence is moderately wounded.
You hit the worm. You hit Terence but do no damage.
Terence is moderately wounded.
You barely miss the worm. Terence hits you but does no damage.
The worm barely misses you.
You closely miss Terence.
Terence is moderately wounded.
You barely miss the worm. Terence barely misses you.
You closely miss Terence.
Terence is moderately wounded.
You hit the worm. The worm bites you!
You die...

, .. #..# , , , ...
*#..# ,* * ....*#..##
, , ....##... ,,, .. ,
......... , ,....+ < *
..!.....# * #....# **
** , #......###+#....*
#.....w@........*
#.....#@.....# *
.......#.....<#######.
...######.#...........
* .. #........[...# ,
, . * ##............ ,
*######............ ,
*#.................,
#......>..........
#.................# #


You could see Terence and a worm.

Vanquished Creatures
  A gnoll (D:1)
  A dart slug (D:1)
  5 bats
  2 giant cockroaches
  2 goblins (D:1)
  8 hobgoblins (D:1)
  A quokka (D:1)
  2 ball pythons (D:1)
  2 frilled lizards
  3 kobolds (D:1)
  7 rats
34 creatures vanquished.

Notes
Turn   | Place    | Note
-------+----------+-------------------------------------------
     0 | D:1      | LORDOFBUTT the Hill Orc Monk began the quest for the Orb.
     0 | D:1      | Reached XP level 1. HP: 19/19 MP: 1/1
   160 | D:1      | Reached XP level 2. HP: 19/27 MP: 2/2
   496 | D:1      | Reached XP level 3. HP: 33/33 MP: 3/3
  1253 | D:2      | Noticed Terence
  1267 | D:2      | Gained mutation: Your movements are slightly less encumbered by armour. (ER -2) [potion of mutation]
  1267 | D:2      | Gained mutation: Potions are less effective at restoring your health. [potion of mutation]
  1267 | D:2      | Gained mutation: You are resistant to hostile enchantments. (MR+) [potion of mutation]
  1267 | D:2      | Gained mutation: You passively map a small area around you. [potion of mutation]
  1274 | D:2      | Slain by a worm

Skill      XL: |  1  2 |
---------------+-------+-----
Fighting       | 4 |  4.3
Axes           | |  4.7
Armour         | |  0.7
Dodging        | |  2.8
Stealth        | |  1.5

Action                   || total
-------------------------++-------
Melee: Hand axe          ||   143
  Use: Potion            ||     4
       Scroll            ||     2
 Stab: Sleeping          ||     6
  Eat: Chunk             ||     1
Armor: Robe              ||    33
Dodge: Dodged            ||   123
